 Dungeon Crawl Stone Soup version 0.31-a0-700-gf13585253f (webtiles) character file.

Game seed: 6409019594539950224

12176 senseless the Grappler (level 11, -21/111 HPs)
             Began as a Troll Shapeshifter on Sept 7, 2023.
             Was an Elder of Qazlal.
             Demolished by a titanic slime creature (45 damage)
             ... on level 12 of the Dungeon.
             The game lasted 00:23:16 (8292 turns).

senseless the Grappler (Troll Shapeshifter)         Turns: 8292, Time: 00:23:18

Health: -21/111    AC:  8    Str: 31    XL:     11   Next: 59%
Magic:  11/11      EV: 11    Int: 12    God:    Qazlal [****..]
Gold:   685        SH:  5    Dex:  9    Spells: 10/10 levels left

rFire   . . .        j - melded +2 orcbow (freeze)
rCold   . . .        (shield currently unavailable)
rNeg    . . .        A - +1 robe of Poyxoige {*Slow Fly Str+3 SInv}
rPois   .            (helmet restricted)
rElec   .            o - +2 cloak
rCorr   .            (gloves unavailable)
SInv    +            (boots unavailable)
Will    .....        w - amulet of the acrobat
Stlth   +            t - +6 ring of intelligence
HPRegen 1.18/turn    (no ring)
MPRegen 0.12/turn

%: slow self (1%), repel missiles, acrobat
@: flux-form, flying, glowing
A: glow, contaminating, large, unfitting armour, claws 3, regeneration 1, shaggy
fur 1, tough skin 1
a: Begin Untransformation, Renounce Religion, Upheaval, Elemental Force


You were on level 12 of the Dungeon.
You worshipped Qazlal.
Qazlal was greatly pleased with you.
You were something dangerously unstable.
You visited 1 branch of the dungeon, and saw 11 of its levels.
You also visited: Sewer.

You collected 685 gold pieces.

Inventory:

Hand Weapons
 j - a +2 orcbow of freezing (melded)
 v - a +3 spectral club
 x - a +3 scythe of protection
Armour
 a - a +1 animal skin
 o - a +2 cloak (worn)
 A - the +1 robe of Poyxoige (worn) {*Slow Fly Str+3 SInv}
   (You found it on level 8 of the Dungeon)

   Str+3:     It affects your strength (+3).
   SInv:      It lets you see invisible.
   Fly:       It grants you flight.
   *Slow:     It may slow you when you take damage.
Jewellery
 q - a ring of fire
 t - a +6 ring of intelligence (left claw)
 w - an amulet of the acrobat (around neck)
 z - an amulet of magic regeneration
Talismans
 c - a beast talisman
 d - a flux talisman (active)
 p - a serpent talisman
Wands
 l - a wand of light (21)
 s - a wand of flame (27)
 u - a wand of paralysis (27) (quivered)
 y - a wand of polymorph (9)
 B - a wand of mindburst (18)
Scrolls
 f - 3 scrolls of teleportation
 h - 6 scrolls of enchant armour
Potions
 b - a potion of lignification
 e - 3 potions of might
 g - a potion of brilliance
 i - 3 potions of curing
 k - a potion of haste {unknown}
 m - a potion of berserk rage {unknown}
 n - 3 potions of mutation
 r - 2 potions of cancellation
 C - a potion of attraction {unknown}


   Skills:
 + Level 7.8 Fighting
 + Level 8.0 Dodging
 + Level 9.8 Unarmed Combat
 + Level 1.4 Invocations
 + Level 9.2 Shapeshifting


You had 10 spell levels left.
You didn't know any spells.
Your spell library contained the following spells:

 Spells                   Type           Power      Damage    Failure   Level
 Frozen Ramparts          Ice            0%         1d1       69%         3
 Tukima's Dance           Hex            0%         N/A       69%         3
 Passage of Golubria      Tloc           0%         N/A       97%         4
 Petrify                  Tmut/Erth      0%         N/A       97%         4
 Metabolic Englaciation   Hex/Ice        0%         N/A       100%        5
 Yara's Violent Unravell  Hex/Tmut       0%         3d3       100%        5


Dungeon Overview and Level Annotations

Branches:
Dungeon (10/15)            Temple (0/1) D:5            Lair (0/5) D:9
  Sewer (visited)
    Orc: D:9-12

Altars:
Cheibriados
Fedhas
Gozag
Okawaru
Qazlal
Ru
Sif Muna
Trog
Xom


Innate Abilities, Weirdness & Mutations

You are something dangerously unstable.
You glow with magical radiation, making you easy to see and hit.
Foes you strike become dangerously contaminated with magical radiation.
You are incapable of wielding weapons or throwing items.
You are too large for most types of armour.
You have claws for hands.
Your natural rate of healing is unusually fast.
You are covered in fur. (AC +1)
You have tough skin. (AC +1)


Message History

Two slime creatures merge to form a large slime creature.
You block the very large slime creature's attack.
You claw the very large slime creature!
The very large slime creature shudders as magic cascades through it.
The very large slime creature twists and deforms.
The very large slime creature is lightly wounded.
You barely miss the very large slime creature.
The very large slime creature is lightly wounded.
The very large slime creature hits you!!
* * * LOW HITPOINT WARNING * * *
You are too injured to fight recklessly!
You are too injured to fight recklessly!
You claw the very large slime creature!
The very large slime creature begins to glow.
The very large slime creature is moderately wounded.
The very large slime creature hits you!
* * * LOW HITPOINT WARNING * * *
Two slime creatures merge to form a titanic slime creature.
You scratch the titanic slime creature.
The titanic slime creature glows dangerously bright.
The titanic slime creature is lightly wounded.
You scratch the titanic slime creature.
The titanic slime creature shudders as magic cascades through it!
The titanic slime creature twists and deforms.
The titanic slime creature is moderately wounded.
Attack: -) Claws
Press: ? - help, Dir - move target, f - titanic slime creature
Aim: a titanic slime creature (moderately wounded, misshapen and mutated, about 15% to evade your claws)
Okay, then.
Aiming: Paralyse
Press: ? - help, Shift-Dir - straight line, f - titanic slime creature
Aim: a titanic slime creature (moderately wounded, misshapen and mutated, chance to affect: 40%)
The titanic slime creature resists with some effort.
The titanic slime creature hits you but does no damage.
Aiming: Paralyse
Press: ? - help, Shift-Dir - straight line, f/p - titanic slime creature
Aim: a titanic slime creature (moderately wounded, misshapen and mutated, chance to affect: 40%)
The titanic slime creature resists with some effort.
The titanic slime creature hits you!!!
You die...

#. .. . #.
.### ..#
#J# #B#
#.# #.#
#.# #<#
#.#
#######'##
#........#
#....>...#


You could see a titanic slime creature (misshapen).

Vanquished Creatures
  A two-headed ogre (D:10)
  A boulder beetle (D:10)
  3 death yaks (D:9)
  A manticore (D:12)
  Jeremiah (D:7)
  Psyche (D:8)
  A komodo dragon (D:10)
  2 kobold demonologists (D:12)
  A troll (D:10)
  Grinder (D:4)
  Prince Ribbit (D:8)
  A slime creature (D:12)
  Sigmund (D:4)
  21 yaks
  A vampire (D:8)
  Menkaure (D:7)
  An acid dragon (D:12)
  A water moccasin (Sewer)
  3 orc warriors
  2 black bears (D:6)
  2 sky beasts (D:7)
  An ice beast (D:6)
  2 centaurs (D:9)
  A phantom (D:5)
  4 kobold brigands
  A bullfrog (D:6)
  3 scorpions
  10 killer bees
  4 howler monkeys
  3 electric eels (D:10)
  3 hounds
  8 orc priests
  A gnoll bouda (D:7)
  3 jellies
  An iguana (D:4)
  Ijyb (D:3)
  Natasha (twice) (D:2)
  8 orc wizards
  5 gnolls
  2 adders
  A shadow imp (D:8)
  A white imp (D:6)
  2 ufetubi (D:6)
  4 dart slugs
  35 orcs
  6 endoplasms
  5 giant cockroaches
  A goblin (D:1)
  7 hobgoblins
  5 jackals
  7 quokkas
  7 ball pythons
  4 bats
  5 frilled lizards
  17 kobolds
  10 rats
228 creatures vanquished.

Vanquished Creatures (others)
  An orc wizard (D:7)
1 creature vanquished.

Grand Total: 229 creatures vanquished

Notes
Turn   | Place    | Note
-------+----------+-------------------------------------------
     0 | D:1      | senseless the Troll Shapeshifter began the quest for the
                  | Orb.
     0 | D:1      | Reached XP level 1. HP: 18/18 MP: 0/0
    56 | D:1      | Reached skill level 1 in Fighting
    81 | D:1      | Reached XP level 2. HP: 27/27 MP: 1/1
   204 | D:1      | Found a stormy altar of Qazlal.
   218 | D:1      | Became a worshipper of Qazlal Stormbringer
   325 | D:1      | Reached XP level 3. HP: 33/33 MP: 2/2
   795 | D:2      | Noticed Natasha
   803 | D:2      | Killed Natasha
   808 | D:2      | Reached XP level 4. HP: 34/41 MP: 3/3
  1110 | D:2      | Noticed Natasha
  1122 | D:2      | Killed Natasha
  1123 | D:2      | Reached * piety under Qazlal
  1306 | D:2      | Found a faded altar of an unknown god.
  1709 | D:3      | Noticed Ijyb
  1717 | D:3      | Killed Ijyb
  1718 | D:3      | Reached XP level 5. HP: 34/49 MP: 4/4
  2063 | D:4      | Found a glowing drain.
  2067 | Sewer    | Entered a sewer
  2116 | Sewer    | Noticed a water moccasin
  2125 | Sewer    | Killed a water moccasin
  2126 | Sewer    | Reached XP level 6. HP: 21/59 MP: 5/5
  2242 | D:4      | Noticed Grinder
  2255 | D:4      | Killed Grinder
  2256 | D:4      | Reached XP level 7. HP: 48/67 MP: 6/6
  2386 | D:4      | Found a shimmering altar of Xom.
  2393 | D:4      | Noticed Sigmund
  2402 | D:4      | Killed Sigmund
  2403 | D:4      | Reached skill level 5 in Unarmed Combat
  2591 | D:5      | Entered Level 5 of the Dungeon
  2679 | D:5      | Reached skill level 5 in Shapeshifting
  2698 | D:5      | Found a staircase to the Ecumenical Temple.
  2722 | D:5      | Reached ** piety under Qazlal
  2741 | D:5      | HP: 1/68 [killer bee (8)]
  2745 | D:5      | Reached XP level 8. HP: 18/78 MP: 7/7
  2846 | D:5      | Found a bloodstained altar of Trog.
  2846 | D:5      | Found a stormy altar of Qazlal.
  3751 | D:6      | Identified the +1 leather armour "Icodwojuenk" {*Corrode
                  | rC+ Dex+6}
  4267 | D:6      | Reached skill level 5 in Dodging
  4322 | D:6      | Found an iron altar of Okawaru.
  4780 | D:7      | Reached XP level 9. HP: 74/87 MP: 8/8
  4849 | D:7      | Noticed Menkaure
  4857 | D:7      | Killed Menkaure
  5026 | D:7      | Reached skill level 5 in Fighting
  5410 | D:7      | Found a shimmering blue altar of Sif Muna.
  5459 | D:7      | Noticed Jeremiah
  5551 | D:7      | Killed Jeremiah
  5626 | D:7      | Identified the +1 pair of boots of Qusogyo {Fly rN+ Int-5}
  5997 | D:8      | Identified the +1 robe of Poyxoige {*Slow Fly Str+3 SInv}
  6099 | D:8      | Noticed Psyche
  6110 | D:8      | Killed Psyche
  6322 | D:8      | Reached *** piety under Qazlal
  6362 | D:8      | Reached XP level 10. HP: 98/98 MP: 9/9
  6428 | D:8      | Noticed Prince Ribbit
  6435 | D:8      | Killed Prince Ribbit
  6646 | D:8      | Found a blossoming altar of Fedhas.
  6976 | D:9      | Noticed a death yak
  6981 | D:9      | Noticed a death yak
  6981 | D:9      | Noticed a death yak
  6996 | D:9      | Killed a death yak
  7011 | D:9      | Killed a death yak
  7063 | D:9      | Killed a death yak
  7064 | D:9      | Reached XP level 11. HP: 8/109 MP: 10/10
  7239 | D:9      | Found an opulent altar of Gozag.
  7263 | D:9      | Found a staircase to the Lair.
  7283 | D:9      | Found a snail-covered altar of Cheibriados.
  7576 | D:9      | Found a sacrificial altar of Ru.
  7675 | D:10     | Entered Level 10 of the Dungeon
  7677 | D:10     | Noticed a boulder beetle
  7693 | D:10     | Killed a boulder beetle
  7782 | D:10     | Noticed a two-headed ogre
  7790 | D:10     | Killed a two-headed ogre
  7820 | D:10     | Reached **** piety under Qazlal
  8032 | D:10     | You are sucked into a shaft and drop 2 floors!
  8043 | D:12     | Noticed a sun demon
  8074 | D:12     | Reached skill level 1 in Invocations
  8292 | D:12     | Demolished by a titanic slime creature

Illustrated notes

Levels and vault maps discovered:
D:1:      lightli_arrival_boilingwater, layout_basic, minmay_hexomino_r4
D:2:      layout_basic, shapermc_ecumenical_altar_acropolis, uniq_natasha
D:3:      layout_loops_cross, uniq_ijyb
D:4:      layout_rooms, mainiacjoe_overflow_cross_hatched, gup_sewer_entry_bowl,
          uniq_grinder, uniq_sigmund
D:5:      layout_layer_cave, gammafunk_temple_overflow_wave,
          minmay_temple_entry_glass, grunt_decor_cap,
          hangedman_decor_clover_reticule
D:6:      nicolae_BIG_FREAKIN_CUBE, layout_loops_corners,
          lemuel_coloured_pillars_altar, reono_crystal_passage,
          hangedman_decor_points
D:7:      layout_basic, mainiacjoe_overflow_boulevard, uniq_menkaure,
          uniq_jeremiah
D:8:      layout_basic, nicolae_overflow_crystal_walls, minivault_21,
          uniq_psyche, uniq_prince_ribbit1
D:9:      layout_basic, general_overflow_altar, cheibriados_altar_1,
          grunt_gozag_statues, dpeg_lair_monsters, minmay_misc_feat_plants
D:10:     layout_loops_ring, erik_orc_2
D:12:     layout_roguey, kennysheep_generic_room_16

Skill      XL: |  1  2  3  4  5  6  7  8  9 10 11 |
---------------+----------------------------------+-----
Fighting       | 1 2 3 4 5 7 |  7.8
Dodging        | 2 3 4 5 6 7 8 |  8.0
Unarmed Combat | 4 5 6 7 9 |  9.8
Shapeshifting  | 4 5 6 7 8 9 |  9.2
Invocations    | 1 |  1.4

Action                     |  1- 3 |  4- 6 |  7- 9 | 10-12 || total
---------------------------+-------+-------+-------+-------++-------
  Melee: Unarmed           |    77 |   113 |   225 |   218 ||   633
         Punch             |       |     1 |     8 |     2 ||    11
   Fire: Orcbow            |       |       |       |    19 ||    19
  Evoke: Wand              |       |       |       |     4 ||     4
    Use: Scroll            |       |    10 |     7 |     1 ||    18
         Potion            |       |     2 |     2 |     2 ||     6
   Stab: Sleeping          |     1 |       |       |       ||     1
         Petrified         |       |       |     1 |       ||     1
         Paralysed         |       |       |       |     8 ||     8
 Armour: Animal skin       |    46 |    63 |   106 |       ||   215
         Skin              |       |    37 |       |       ||    37
         Robe              |       |       |    24 |    97 ||   121
  Dodge: Dodged            |    31 |    49 |   106 |    94 ||   280
         Repelled          |       |       |       |     3 ||     3
  Block: Other             |       |     4 |    13 |    31 ||    48
   Form: Flux              |       |       |       |     4 ||     4
         Beast             |       |       |       |     2 ||     2

Table legend: (Time is in decaauts)
 A = Elapsed time spent in this place.
 B = Non-inter-level travel time spent in this place.
 C = Inter-level travel time spent in this place.
 D = Time resting spent in this place.
 E = Time spent auto-exploring this place.
 F = Levels seen in this place.
 G = Mean time per level.
                   A        B        C        D        E       F      G
               +--------+--------+--------+--------+--------+-----+--------+
         Total |   8238 |   7983 |    255 |    117 |   6456 |  12 |  686.5 |
       Dungeon |   8083 |   7828 |    255 |    117 |   6340 |  11 |  734.8 |
         Sewer |    155 |    155 |      0 |      0 |    116 |   1 |  155.0 |
               +--------+--------+--------+--------+--------+-----+--------+

Top non-repeatable levels by time:
     D:6: 1142 daAuts
     D:7: 1057 daAuts
     D:5: 1026 daAuts
     D:9: 937 daAuts
     D:8: 885 daAuts
     D:1: 704 daAuts
     D:2: 703 daAuts
     D:3: 570 daAuts
     D:4: 445 daAuts
    D:10: 355 daAuts
    D:12: 255 daAuts
   Sewer: 155 daAuts
